 Dungeon Crawl Stone Soup version 0.17.0-57-g0e89251 (webtiles) character file.

7367 Hildebrand the Fighter (level 10, -7/85 HPs)
             Began as a Demonspawn Gladiator on Dec 9, 2015.
             Was a Priest of Yredelemnul.
             Mangled by Erolcha
             ... wielding a +0 giant club
              (11 damage)
             ... on level 8 of the Dungeon.
             The game lasted 00:45:05 (10561 turns).

Hildebrand the Fighter (Demonspawn Gladiator)      Turns: 10561, Time: 00:45:05

Health: -7/85      AC: 22    Str: 18    XL:     10   Next: 91%
Magic:  10/10      EV: 10    Int: 10    God:    Yredelemnul [***...]
Gold:   516        SH:  0    Dex: 14    Spells: 1 memorised, 3 levels left

rFire  + . .     SeeInvis .     r - +0 battleaxe
rCold  . . .     Clarity  .     y - +1 chain mail {rPois}
rNeg   . . .     SustAt   .     (shield currently unavailable)
rPois  +         Gourm    .     (helmet unavailable)
rElec  .         Spirit   .     i - +2 cloak
rCorr  .         Warding  .     (no gloves)
rMut   .         Stasis   .     l - +0 pair of boots
MR     .....                    f - amulet of faith
Stlth  ..........               q - ring of protection from fire
                                t - +4 ring of protection

@: slowed, very slow, not resistant to hostile enchantments, extremely
unstealthy
A: horns 3, slimy green scales 2, rot immunity
a: Recall Undead Slaves, Injury Mirror, Animate Dead, Renounce Religion


You were on level 8 of the Dungeon.
You worshipped Yredelemnul.
Yredelemnul was most pleased with you.
You were not hungry.

You visited 2 branches of the dungeon, and saw 12 of its levels.

You collected 516 gold pieces.

Inventory:

Hand Weapons
 r - a +0 battleaxe (weapon)
Missiles
 d - 3 throwing nets (quivered)
Armour
 i - a +2 cloak (worn)
 l - a +0 pair of boots (worn)
 u - a +2 ring mail of fire resistance
 y - a +1 chain mail of poison resistance (worn)
Jewellery
 f - an amulet of faith (around neck)
 q - a ring of protection from fire (right hand)
 t - a +4 ring of protection (left hand)
Scrolls
 b - 2 scrolls of fog
 g - 2 scrolls of fear
 j - a scroll of identify
 v - 2 scrolls of magic mapping
 w - a scroll of enchant armour
 x - 2 scrolls of remove curse
Potions
 c - a potion of ambrosia
 k - 6 potions of brilliance
 m - 3 potions of flight
 o - a potion of haste
 z - a potion of cancellation {unknown}
 B - a potion of cure mutation
 D - a potion of curing
Books
 n - a book of Enchantments

   Spells                             Type                      Level
   a - Cause Fear                     Hexes                        4
   b - Silence                        Hexes/Air                    5
   c - Deflect Missiles               Charms/Air                   6
   d - Haste                          Charms                       6
   e - Discord                        Hexes                        8
Comestibles
 e - 9 bread rations
 p - a beef jerky


   Skills:
 * Level 10.1 Fighting
 * Level 9.6 Axes
 - Level 1.7 Throwing
 + Level 6.4 Armour
 + Level 5.9 Dodging


You had 3 spell levels left.
You knew the following spells:

 Your Spells              Type           Power        Failure   Level  Hunger
a - Deflect Missiles      Chrm/Air       #.........   100%        6    #######


Dungeon Overview and Level Annotations

Branches:
Dungeon (11/15)            Temple (1/1) D:4            Lair (0/8) D:9
    Orc: D:9-12

Altars:
Ashenzari
Cheibriados
Dithmenos
Elyvilon
Fedhas
Gozag
Kikubaaqudgha
Makhleb
Nemelex Xobeh
Okawaru
Qazlal
Ru
Sif Muna
Trog
Vehumet
Xom
Yredelemnul
Zin
The Shining One

Shops:
D:4 :   D:5 [   D:7 %   D:8 [

Annotations:
D:8 Erolcha, Maurice


Innate Abilities, Weirdness & Mutations

You have a pair of large horns on your head.
You are mostly covered in slimy green scales (AC +3).
You are immune to rotting.


Message History

You hit something but do no damage. Something hits you but does no damage.
You barely miss something. You headbutt something!
Something hits you but does no damage. x2
You slash something! Something hits you!
Damage: -7%(-6hp) hp: 35%(29hp)
You hit something but do no damage.
You hear some strange, mumbled words.
Something tries to affect you, but you resist.
You hear some strange, mumbled words.
Something tries to affect you, but you resist.
You barely miss something. Something hits you!
* * * LOW HITPOINT WARNING * * *
Huge Dmg: -7%(-6hp) hp: 28%(23hp) Drink which item? (? for menu, Esc to quit)
Okay, then.
You slash something! Your headbutt misses something. Something hits you!!
* * * LOW HITPOINT WARNING * * *
Something hits you!
You die...
Your body rises from the dead as a mindless zombie.

#.# #.# #.# #.# ####
#.# #.# ... #.# #.#
####.#
#.#####.####....####
####.#..........#......
...................#
.......#...#####.#$#
####.###.....$..@..#
####.# #..######{.##
.....# #..# #..# ######
#.># #..# # #..# #.##
########..# #.#
.)........# #.#
#.######.### #.# #.#
#...#


There were no monsters in sight!

Vanquished Creatures
  Nergalle (D:10)
  Pikel (D:6)
  2 hill giants (D:10)
  A centaur zombie (D:10)
  A fire drake (D:9)
  The ghost of sugabear the Sneak, a novice VSWr (D:5)
  Grinder (D:6)
  A deep elf mage (D:11)
  A wyvern (D:10)
  A spriggan (D:7)
  2 hungry ghosts (D:7)
  Duvessa (D:6)
  2 ice beasts
  2 sky beasts
  An orc warrior (D:10)
  4 ogres
  A phantom (D:6)
  3 centaurs
  2 big kobolds
  A gnoll sergeant (D:9)
  Dowan (D:6)
  4 giant frogs
  2 scorpions
  5 killer bees
  5 wights (D:9)
  2 quasits (D:8)
  2 giant frog zombies
  4 crimson imps
  7 hounds
  3 jellies
  5 orc priests
  2 orc wizards
  2 giant frog skeletons
  Natasha (D:3)
  6 iguanas
  7 worker ants
  A hound zombie (D:6)
  A hound skeleton (D:9)
  9 gnolls
  A worker ant zombie (D:5)
  4 adders
  3 shadow imps
  An adder skeleton (D:5)
  A worm (D:2)
  23 orcs
  8 bats
  5 goblins
  6 hobgoblins (D:1)
  6 jackals
  20 kobolds
  6 quokkas
  3 ball pythons
  8 giant cockroaches
  A giant gecko skeleton (D:7)
  3 giant newts
  A quokka zombie (D:5)
  9 rats
208 creatures vanquished.

Vanquished Creatures (others)
  Sigmund (D:6)
  A slave (D:6)
  A human (D:4)
  A hound (D:6)
  An iguana (D:6)
5 creatures vanquished.

Grand Total: 213 creatures vanquished

Notes
Turn   | Place    | Note
--------------------------------------------------------------
     0 | D:1      | Hildebrand the Demonspawn Gladiator began the quest for the Orb.
     0 | D:1      | Reached XP level 1. HP: 16/16 MP: 1/1
   121 | D:1      | Huge Dmg: 6 dmg
   429 | D:1      | Reached skill level 3 in Axes
   429 | D:1      | Gained mutation: You are immune to rotting. [demonic ancestry]
   429 | D:1      | Reached XP level 2. HP: 17/22 MP: 2/2
   434 | D:1      | Huge Dmg: 4 dmg
   970 | D:1      | Gained mutation: You have a pair of small horns on your head. [demonic ancestry]
   970 | D:1      | Reached XP level 3. HP: 28/28 MP: 3/3
  1330 | D:2      | Found a bloodstained altar of Trog.
  1423 | D:2      | Found a shadowy altar of Dithmenos.
  1478 | D:2      | Found a faded altar to an unknown god.
  1639 | D:2      | Reached skill level 1 in Armour
  1826 | D:3      | Huge Dmg: 6 dmg
  2084 | D:3      | Found a sacrificial altar of Ru.
  2171 | D:3      | Reached XP level 4. HP: 34/34 MP: 4/4
  2217 | D:3      | Huge Dmg: 4 dmg
  2634 | D:3      | Found an opulent altar of Gozag.
  2736 | D:3      | Found a basalt altar of Yredelemnul.
  2749 | D:3      | Became a worshipper of Yredelemnul the Dark
  2815 | D:3      | Huge Dmg: 12 dmg
  2823 | D:3      | Huge Dmg: 11 dmg
  2828 | D:3      | Reached skill level 4 in Axes
  3165 | D:3      | Noticed Natasha
  3177 | D:3      | Killed Natasha
  3177 | D:3      | Reached XP level 5. HP: 31/41 MP: 5/5
  3626 | D:4      | Huge Dmg: 10 dmg
  3742 | D:4      | Found Oschec's Book Boutique.
  3748 | D:4      | Found a white marble altar of Elyvilon.
  4152 | D:4      | Found a staircase to the Ecumenical Temple.
  4165 | Temple   | Entered the Ecumenical Temple
  4340 | D:4      | Huge Dmg: 10 dmg
  4340 | D:4      | Gained mutation: You have a pair of horns on your head. [demonic ancestry]
  4340 | D:4      | Reached XP level 6. HP: 28/48 MP: 6/6
  4536 | D:4      | Huge Dmg: 10 dmg
  4540 | D:4      | Huge Dmg: 15 dmg
  4544 | D:4      | Huge Dmg: 5 dmg
  4834 | D:4      | Huge Dmg: 12 dmg
  4836 | D:4      | Huge Dmg: 12 dmg
  4838 | D:4      | Huge Dmg: 11 dmg
  4845 | D:4      | Huge Dmg: 1 dmg
  5270 | D:4      | Found an ancient bone altar of Kikubaaqudgha.
  5270 | D:4      | Noticed a human
  5273 | D:4      | Killed a human
  5375 | D:5      | Entered Level 5 of the Dungeon
  5553 | D:5      | Reached skill level 5 in Axes
  5584 | D:5      | Found a shattered altar of Ashenzari.
  5593 | D:5      | Found Laothrom's Antique Armour Shop.
  5633 | D:5      | Noticed sugabear's ghost (novice VSWr)
  5659 | D:5      | Killed sugabear's ghost
  5659 | D:5      | Reached skill level 5 in Fighting
  5659 | D:5      | Gained mutation: You have a pair of large horns on your head. [demonic ancestry]
  5659 | D:5      | Reached XP level 7. HP: 48/56 MP: 7/7
  6040 | D:6      | Noticed Sigmund
  6051 | D:6      | Noticed Pikel
  6211 | D:6      | Killed Pikel
  6211 | D:6      | Reached skill level 6 in Fighting
  6211 | D:6      | Gained mutation: You are partially covered in slimy green scales (AC +2). [demonic ancestry]
  6211 | D:6      | Reached XP level 8. HP: 43/64 MP: 8/8
  6414 | D:6      | Noticed Grinder
  6422 | D:6      | Huge Dmg: 11 dmg
  6449 | D:6      | Killed Grinder
  6627 | D:6      | Killed Sigmund
  6759 | D:6      | Reached skill level 7 in Axes
  6895 | D:6      | Noticed Duvessa
  6898 | D:6      | Noticed Dowan
  6918 | D:6      | Killed Duvessa
  6925 | D:6      | Killed Dowan
  7230 | D:6      | Reached XP level 9. HP: 72/72 MP: 9/9
  7708 | D:7      | Found Ibriegas's Food Boutique.
  7765 | D:7      | Reached skill level 8 in Fighting
  7962 | D:7      | Reached * piety under Yredelemnul
  7995 | D:7      | Reached skill level 5 in Armour
  8396 | D:8      | Found Xusse's Antique Armour Shoppe.
  8440 | D:8      | You fall through a shaft for 3 floors!
  8694 | D:11     | Found a stormy altar of Qazlal.
  8753 | D:10     | Entered Level 10 of the Dungeon
  8753 | D:10     | Noticed Nergalle
  8777 | D:10     | Killed Nergalle
  8777 | D:10     | Reached skill level 9 in Fighting
  8777 | D:10     | Reached skill level 5 in Dodging
  8777 | D:10     | Gained mutation: You are mostly covered in slimy green scales (AC +3). [demonic ancestry]
  8777 | D:10     | Reached XP level 10. HP: 66/83 MP: 10/10
  8929 | D:10     | Reached ** piety under Yredelemnul
  9020 | D:10     | Huge Dmg: 17 dmg
  9111 | D:10     | Noticed a centaur zombie
  9112 | D:10     | Noticed a hill giant
  9115 | D:10     | Paralysed by a giant eyeball for 4 turns
  9119 | D:10     | Noticed a hill giant
  9123 | D:10     | Killed a hill giant
  9126 | D:10     | Killed a centaur zombie
  9128 | D:10     | Paralysed by a giant eyeball for 3 turns
  9132 | D:10     | Huge Dmg: 28 dmg
  9134 | D:10     | Killed a hill giant
  9138 | D:10     | Paralysed by a giant eyeball for 3 turns
  9142 | D:10     | Huge Dmg: 40 dmg
  9143 | D:10     | Huge Dmg: 6 dmg
  9146 | D:10     | Huge Dmg: 9 dmg
  9151 | D:10     | Huge Dmg: 18 dmg
  9481 | D:9      | Found a staircase to the Lair.
  9545 | D:9      | Found a blossoming altar of Fedhas.
  9683 | D:9      | Reached skill level 10 in Fighting
  9993 | D:9      | Learned a level 6 spell: Deflect Missiles
 10154 | D:8      | Reached *** piety under Yredelemnul
 10312 | D:8      | Noticed Maurice
 10546 | D:8      | Noticed Erolcha
 10553 | D:8      | Huge Dmg: 25 dmg
 10554 | D:8      | Huge Dmg: 17 dmg
 10561 | D:8      | Huge Dmg: 6 dmg
 10561 | D:8      | HP: 4/85 [something (19)]
 10561 | D:8      | Mangled by Erolcha

Action                   |  1- 3 |  4- 6 |  7- 9 | 10-12 || total
-------------------------+-------+-------+-------+-------++-------
Melee: War axe           |   129 |   173 |   158 |       ||   460
       Battleaxe         |       |       |   107 |   219 ||   326
  Use: Scroll            |     4 |     9 |     8 |     2 ||    23
       Potion            |       |     1 |     1 |     3 ||     5
  Eat: Chunk             |     4 |     6 |    14 |     4 ||    28
       Bread ration      |       |     1 |       |       ||     1
       Pizza             |       |       |     1 |     2 ||     3
       Meat ration       |       |       |     2 |       ||     2
       Beef jerky        |       |       |     1 |       ||     1
